 Dungeon Crawl Stone Soup version 0.31-a0-881-ge136f0c47a (webtiles) character file.

Game seed: 10693303088279758797

301 Shayle the Ruffian (level 6, -3/47 HPs)
             Began as a Human Shapeshifter on Oct 15, 2023.
             Slain by a goblin
             ... wielding a +1 dagger of venom
             ... led by Robin
              (4 damage)
             ... on level 4 of the Dungeon.
             The game lasted 00:11:40 (2991 turns).

Shayle the Ruffian (Human Shapeshifter)             Turns: 2991, Time: 00:11:40

Health: -3/47      AC:  2    Str: 15    XL:     6   Next: 64%
Magic:  0/6        EV: 13    Int: 12    God:
Gold:   1230       SH:  0    Dex: 18    Spells: 5/5 levels left

rFire   . . .        B - +5 dagger (elec)
rCold   + . .        (no shield)
rNeg    . . .        a - +0 animal skin
rPois   .            (helmet currently unavailable)
rElec   .            (cloak currently unavailable)
rCorr   .            (gloves currently unavailable)
SInv    .            (boots currently unavailable)
Will    .....        f - amulet of guardian spirit
Stlth   ++           o - ring of protection from cold
HPRegen 0.27/turn    h - +6 ring of dexterity
MPRegen 0.10/turn

%: guardian spirit
@: brilliant, lethally poisoned (-3 -> -23), beast-form, hasted, very quick
A: beast (slay +2)
a: Begin Untransformation


You were on level 4 of the Dungeon.
You were a hulking beast.
You visited 1 branch of the dungeon, and saw 4 of its levels.

You collected 1230 gold pieces.

Inventory:

Hand Weapons
 b - a +2 vampiric dagger
 v - a +3 dagger of venom
 B - a +5 dagger of electrocution (weapon)
Armour
 a - a +0 animal skin (worn)
 s - a +0 helmet
 x - the +0 robe "Atututz" {*Corrode rF+ Dex+4 Archmagi}
   (You found it on level 3 of the Dungeon)

   Dex+4:     It affects your dexterity (+4).
   rF+:       It protects you from fire.
   *Corrode:  It may corrode you when you take damage.
   Archmagi:  It increases the power of your magical spells.
Jewellery
 f - an amulet of guardian spirit (around neck)
 h - a +6 ring of dexterity (right hand)
 i - an amulet of the acrobat
 k - a ring of flight
 o - a ring of protection from cold (left hand)
Talismans
 c - a beast talisman (active)
 d - a flux talisman
 w - a serpent talisman
Wands
 u - a wand of flame (27)
 A - a wand of iceblast (15)
Scrolls
 g - a scroll of silence
 j - a scroll of teleportation
 r - a scroll of identify {unknown}
 y - a scroll of amnesia {unknown}
Potions
 e - 2 potions of berserk rage
 l - a potion of curing {unknown}
 m - a potion of brilliance
 n - a potion of haste
 p - 2 potions of enlightenment {unknown}
 q - a potion of cancellation {unknown}
 t - 2 potions of lignification
 z - a potion of degeneration {unknown}


   Skills:
 + Level 3.0 Fighting
 + Level 3.6 Dodging
 + Level 4.3 Unarmed Combat
 + Level 4.1 Shapeshifting


You had 5 spell levels left.
You didn't know any spells.
Your spell library contained the following spells:

 Spells                   Type           Power      Damage    Failure   Level
 Sublimation of Blood     Necr           0%         N/A       45%         2
 Wereblood                Tmut           0%         N/A       45%         2
 Summon Hydra             Summ           0%         N/A       100%        7


Dungeon Overview and Level Annotations

Branches:
Dungeon (4/15)
 Temple: D:4-7

Altars:
Gozag
Zin

Shops:
D:2 (

Annotations:
D:4 Robin


Message History

The kobold shouts!
A goblin comes into view. It is wielding a +0 club.
The adder bites you.
The goblin shouts! x2
The adder barely misses you.
A hobgoblin comes into view.
The adder misses you.
Robin roars a battlecry!
The goblins go into a battle-frenzy!
The adder barely misses you. Robin throws the goblin at you!
The goblin hits you with a +1 dagger of venom.
You are poisoned.
The goblin hits you with a +0 club. x2; The adder bites you.
You feel very sick.
The goblin hits you with a +1 dagger of venom.
The goblin barely misses you. The adder bites you.
You feel sick. The adder bites you.
The goblin hits you with a +1 dagger of venom.
You are lethally poisoned!
The goblin hits you with a +0 club.
* * * LOW HITPOINT WARNING * * *
The goblin hits you with a +0 club.
* * * LOW HITPOINT WARNING * * *
Okay, then.
It was a potion of haste.
You feel yourself speed up.
* * * LOW HITPOINT WARNING * * *
You feel very sick. The adder bites you.
* * * LOW HITPOINT WARNING * * *
You are more poisoned.
The adder poisons you! The goblin closely misses you.
The goblin hits you with a +0 club.
* * * LOW HITPOINT WARNING * * *
The adder barely misses you.
It was a potion of brilliance.
You feel clever all of a sudden.
* * * LOW HITPOINT WARNING * * *
You feel very sick.
The goblin hits you with a +1 dagger of venom.
You die...

#.....# .
#####....####...#.......
.##.......#.............
....##[##...#...........
......).......#.........
<.#####(.##......g.g....
...#........#....gg...
##.....#.##.#..##gg#####
##....##......gShg......
##......###.#.##gg######
##....#..##.#.#......
....####......#.#..#..#
#.### ......#. #.# .# #.
<....... .# # ..
#........ .. #........#
#.#


You could see Robin, an adder, a hobgoblin (strong) and 8 goblins.

Vanquished Creatures
  An orc priest (D:2)
  An iguana (D:4)
  Ijyb (D:4)
  3 orc wizards (D:2)
  7 adders
  A worm (D:2)
  2 dart slugs
  6 orcs
  3 bats
  12 endoplasms
  6 giant cockroaches
  3 goblins
  6 hobgoblins
  4 kobolds
  A quokka (D:1)
  7 ball pythons
  4 frilled lizards
  7 rats
75 creatures vanquished.

Notes
Turn   | Place    | Note
-------+----------+-------------------------------------------
     0 | D:1      | Shayle the Human Shapeshifter began the quest for the Orb.
     0 | D:1      | Reached XP level 1. HP: 15/15 MP: 1/1
    87 | D:1      | Reached XP level 2. HP: 21/21 MP: 2/2
   298 | D:1      | Reached XP level 3. HP: 26/26 MP: 3/3
   849 | D:2      | Reached XP level 4. HP: 11/33 MP: 2/4
  1166 | D:2      | Found Carimomn's Weapon Shop.
  1172 | D:2      | Reached XP level 5. HP: 27/38 MP: 5/5
  1526 | D:2      | Identified a scroll of acquirement
  1526 | D:2      | Acquired 1009 gold pieces
  2090 | D:2      | Reached XP level 6. HP: 28/46 MP: 4/6
  2164 | D:3      | Found an opulent altar of Gozag.
  2446 | D:3      | Identified the +0 robe "Atututz" {*Corrode rF+ Dex+4
                  | Archmagi}
  2482 | D:3      | Found a glowing silver altar of Zin.
  2801 | D:4      | Noticed Ijyb
  2831 | D:4      | Killed Ijyb
  2981 | D:4      | Noticed Robin
  2991 | D:4      | HP: 1/47 [poisoned by an adder]
  2991 | D:4      | Slain by a goblin

Illustrated notes

Levels and vault maps discovered:
D:1:      minmay_arrival_diagonal_passages, layout_loops_ring
D:2:      layout_basic, serial_shops, nicolae_shop_bloodbath_and_beyond,
          minmay_pentomino_w2
D:3:      minmay_inner_zag, layout_rooms,
          nicolae_gozag_cash_rules_everything_around_me,
          lemuel_coloured_pillars_altar
D:4:      layout_rooms, minitemple, minmay_quadrilaterals, uniq_grinder,
          uniq_ijyb, uniq_robin

Skill      XL: |  1  2  3  4  5  6 |
---------------+-------------------+-----
Fighting       | 2 3 |  3.0
Dodging        | 3 |  3.6
Unarmed Combat | 4 |  4.3
Shapeshifting  | 4 |  4.1

Action                     |  1- 3 |  4- 6 || total
---------------------------+-------+-------++-------
  Melee: Unarmed           |    77 |   119 ||   196
         Punch             |     1 |     5 ||     6
         Dagger            |       |    40 ||    40
    Use: Potion            |       |     4 ||     4
         Scroll            |       |     6 ||     6
   Stab: Sleeping          |     2 |     1 ||     3
 Armour: Animal skin       |    26 |    83 ||   109
         Skin              |       |    14 ||    14
  Dodge: Dodged            |    44 |    82 ||   126

Table legend: (Time is in decaauts)
 A = Elapsed time spent in this place.
 B = Non-inter-level travel time spent in this place.
 C = Inter-level travel time spent in this place.
 D = Time resting spent in this place.
 E = Time spent auto-exploring this place.
 F = Levels seen in this place.
 G = Mean time per level.
                   A        B        C        D        E       F      G
               +--------+--------+--------+--------+--------+-----+--------+
         Total |   2983 |   2871 |    112 |    465 |   1640 |   4 |  745.8 |
       Dungeon |   2983 |   2871 |    112 |    465 |   1640 |   4 |  745.8 |
               +--------+--------+--------+--------+--------+-----+--------+

Top non-repeatable levels by time:
     D:2: 1307 daAuts
     D:1: 777 daAuts
     D:3: 740 daAuts
     D:4: 157 daAuts
